 Dungeon Sprint DCSS version 0.25.1-9-gc5326a611f (webtiles) character file.

Game seed: 12484866144172810045

0 ytrimaz the Skirmisher (level 2, 0/28 HPs)
             Began as a Minotaur Berserker on Apr 25, 2021.
             Was a Believer of Trog.
             Slain by Terence
             ... wielding a +0 flail
              (8 damage)
             ... in the Dungeon (Sprint VI: "Thunderdome").
             The game lasted 00:01:10 (77 turns).

ytrimaz the Skirmisher (Minotaur Berserker)           Turns: 77, Time: 00:01:10

Health: 0/28       AC:  2    Str: 21    XL:     2   Next: 10%
Magic:  1/1        EV: 12    Int:  4    God:    Trog [**....]
Gold:   200        SH:  0    Dex:  9    Spells: 1/1 levels left

rFire    . . .     SeeInvis .   a - +0 hand axe
rCold    . . .     Gourm    .   (no shield)
rNeg     . . .     Faith    .   b - +0 animal skin
rPois    .         Spirit   .   (helmet restricted)
rElec    .         Reflect  .   (no cloak)
rCorr    .         Harm     .   (no gloves)
MR       .....     NoTele   +   (no boots)
Stlth    +.........             (no amulet)
HPRegen  0.09/turn              (no ring)
MPRegen  0.07/turn              (no ring)

@: no status effects
A: retaliatory headbutt, horns 2
a: Berserk, Trog's Hand, Renounce Religion


You were in the Dungeon.
You worshipped Trog.
Trog was pleased with you.
You were not hungry.

You visited 1 branch You collected 200 gold pieces.

Inventory:

Hand Weapons
 a - a +0 hand axe (weapon)
Armour
 b - a +0 animal skin (worn)
Wands
 k - a wand of acid (5)
 l - a wand of iceblast (5)
Scrolls
 i - 4 scrolls of blinking
 m - 3 scrolls of fog
Potions
 d - a potion of curing
 e - 4 potions of heal wounds
 f - 4 potions of haste
 g - 2 potions of magic
 h - a potion of berserk rage
 j - a potion of resistance
Comestibles
 c - a ration


   Skills:
 + Level 4.8 Fighting
 + Level 4.8 Axes
 + Level 2.9 Armour
 + Level 2.7 Dodging


You had one spell level left.
You didn't know any spells.
Your spell library was empty.

Dungeon Overview and Level Annotations

Branches:
Dungeon (1/1)

Altars:
Cheibriados
Dithmenos
Fedhas
Gozag
Kikubaaqudgha
Makhleb
Okawaru
Ru
Sif Muna
Trog
Uskayaw
Yredelemnul
Zin
The Shining One
Beogh
Jiyva

Shops:
D %??:(!!!!

Annotations:
D Terence


Innate Abilities, Weirdness & Mutations

You reflexively headbutt those who attack you in melee.
You have a pair of horns on your head.


Message History

Terence is moderately wounded.
Terence closely misses you. You furiously retaliate!
You headbutt Terence! You hit Terence.
Terence is almost dead.
Terence hits you with a +0 flail.
* * * LOW HITPOINT WARNING * * *
You hit Terence but do no damage.
Terence is almost dead.
Terence says, "Rest in peace."
Terence hits you with a +0 flail.
* * * LOW HITPOINT WARNING * * *
You hit Terence.
Terence is almost dead.
Terence barely misses you.
An adder comes into view.
The adder hisses angrily.
You hit Terence but do no damage.
Terence is almost dead.
Terence hits you with a +0 flail!
You die...

##⌠⌠⌠## #.....# ##.....##
##∩.....∩## #∩......)∩#
#_......._# #_......._#
#_......._#
###..@......###
#⌠...@.......⌠#
#.8.........8.######
∩___......###......___∩##
........8.# #.8........∩##
..........###..S..........
.......###...###..........
....... #.<.# #..........
....... #...###..........


You could see Terence and an adder.

Vanquished Creatures
  An adder (D)
  A bat (D)
  A goblin (D)
3 creatures vanquished.

Notes
Turn   | Place    | Note
-------+----------+-------------------------------------------
     0 | D        | ytrimaz the Minotaur Berserker began the quest for the Orb.
     0 | D        | Reached XP level 1. HP: 19/19 MP: 0/0
     0 | D        | Found a glowing golden altar of the Shining One.
     0 | D        | Found a glowing silver altar of Zin.
     1 | D        | Found an ancient bone altar of Kikubaaqudgha.
     5 | D        | Round 1.
     7 | D        | Found a hide-covered altar of Uskayaw.
     7 | D        | Found a sacrificial altar of Ru.
     8 | D        | Found Idoiphab's Do-It-Yourself Clinic.
     8 | D        | Found a viscous altar of Jiyva.
     8 | D        | Found a basalt altar of Yredelemnul.
     8 | D        | Found Fiesedof's Distillery.
     9 | D        | Found Yvoojuat's Bottled Wisdom.
     9 | D        | Found Nasuink's Distillery.
    27 | D        | Found a shimmering blue altar of Sif Muna.
    30 | D        | Found a bloodstained altar of Trog.
    31 | D        | Found a blossoming altar of Fedhas.
    36 | D        | Found Tidea's Staff Store.
    37 | D        | Found an opulent altar of Gozag.
    37 | D        | Found a shadowy altar of Dithmenos.
    37 | D        | Found an iron altar of Okawaru.
    37 | D        | Found Losme's Magic Scroll Shop.
    37 | D        | Found Refo's Must-Have Magic.
    37 | D        | Found Vaifuur's Magic Scroll Shop.
    41 | D        | Found a burning altar of Makhleb.
    55 | D        | Reached XP level 2. HP: 26/28 MP: 1/1
    58 | D        | Noticed Terence
    59 | D        | Reached ** piety under Trog
    65 | D        | Found a snail-covered altar of Cheibriados.
    66 | D        | Found a roughly hewn altar of Beogh.
    67 | D        | Found Benuuluri's Delicious Food.
    77 | D        | Slain by Terence

Illustrated notes

Levels and vault maps discovered:
D:        arena_sprint

Skill      XL: |  1 |
---------------+----+-----
Fighting       | 4 |  4.8
Axes           | 4 |  4.8
Armour         | |  2.9
Dodging        | |  2.7

Action                   || total
-------------------------++-------
Melee: Hand axe          ||    14
       Headbutt          ||     1
Armor: Animal skin       ||     2
Dodge: Dodged            ||    11
